 Dungeon Crawl Stone Soup version 0.25-a0-290-g4a1327ee3a (webtiles) character file.

Game seed: 2277868756517945879, levelgen mode: deterministic

324 floatRand the Covert (level 6, -5/32 HPs)
             Began as a Spriggan Berserker on Dec 14, 2019.
             Was a Believer of Trog.
             Slain by an orc
             ... wielding a +0 trident
              (7 damage)
             ... on level 4 of the Dungeon.
             The game lasted 00:06:09 (4767 turns).

floatRand the Covert (Spriggan Berserker)           Turns: 4767, Time: 00:06:09

Health: -5/32      AC:  2    Str: 13    XL:     6   Next: 23%
Magic:  7/7        EV: 20    Int:  8    God:    Trog [**....]
Gold:   179        SH:  0    Dex: 18    Spells: 5/5 levels left

rFire    . . .     SeeInvis +   a - +0 short sword
rCold    . . .     Gourm    .   (shield restricted)
rNeg     . . .     Faith    .   b - +0 animal skin
rPois    .         Spirit   .   (helmet restricted)
rElec    .         Reflect  .   (no cloak)
rCorr    .         Harm     .   (gloves unavailable)
MR       +....                  (boots unavailable)
Stlth    ++++......             (no amulet)
HPRegen  0.10/turn              (no ring)
MPRegen  0.10/turn              (no ring)

@: very quick
A: very small, unfitting armour, see invisible, herbivore, speed 3, slow
metabolism 2
a: Berserk, Trog's Hand, Renounce Religion


You were on level 4 of the Dungeon.
You worshipped Trog.
Trog was pleased with you.
You were not hungry.

You visited 1 branch of the dungeon, and saw 4 of its levels.

You collected 179 gold pieces.

Inventory:

Hand Weapons
 a - a +0 short sword (weapon)
Armour
 b - a +0 animal skin (worn)
Jewellery
 k - an uncursed ring of protection from fire {unknown}
Scrolls
 e - 2 scrolls of identify
Potions
 d - 3 potions of heal wounds
 f - a potion of cancellation {unknown}
 g - 3 potions of curing
 h - 2 potions of mutation
 i - a potion of ambrosia {unknown}
 j - a potion of might
 l - a potion of haste
Comestibles
 c - a ration


   Skills:
 - Level 2.4 Fighting
 + Level 5.1 Short Blades
 - Level 4.4 Dodging
 * Level 8.1 Stealth


You had 5 spell levels left.
You didn't know any spells.
Your spell library was empty.

Dungeon Overview and Level Annotations

Branches:
Dungeon (4/15)
 Temple: D:4-7

Altars:
Fedhas
Nemelex Xobeh
Ru
Wu Jian


Innate Abilities, Weirdness & Mutations

You are very small and have problems with some larger weapons.
You are too small for most types of armour.
You have supernaturally acute eyesight. (SInv)
You are a herbivore.
You cover ground extremely quickly.
You need to consume almost no food.


Message History

You hit the orc.
The orc is almost dead.
The orc barely misses you. The orc misses you.
You are too injured to fight recklessly!
You hit the orc.
You kill the orc!
Trog accepts your kill. The orc barely misses you.
You are too injured to fight recklessly!
Unknown command.
Items here: ) [[ † a cursed +0 scale mail; a +0 short sword; a +0 leather armour; an orc corpse You are too injured to fight recklessly!
Unknown command.
You completely miss the orc. The orc misses you.
You hit the orc but do no damage. The orc misses you.
You hit the orc.
The orc is moderately wounded.
The orc hits you with a +0 trident!
You die...

.## ##..## . #
##...####..
###..........
#.###............
#................
##...####........
##### ##........
#.# #...##....
###@## ##...#
.... #..o.#
#...## ..
#....####...#
##.........##
##.........#
#.#...#....#
#.##...###.....
#. #...# ..... .#
#...# ...#..


You could see an orc.

Vanquished Creatures
  A crimson imp (D:2)
  An orc priest (D:3)
  Jessica (D:2)
  Robin (D:3)
  6 adders
  3 gnolls (D:2)
  An ooze (D:2)
  2 worms
  4 dart slugs
  3 leopard geckos
  11 orcs
  6 giant cockroaches
  23 goblins
  9 hobgoblins
  10 jackals
  3 kobolds
  A quokka (D:2)
  10 bats
  7 frilled lizards
  A jackal skeleton (D:4)
  3 rats
107 creatures vanquished.

Notes
Turn   | Place    | Note
-------+----------+-------------------------------------------
     0 | D:1      | floatRand the Spriggan Berserker began the quest for the
                  | Orb.
     0 | D:1      | Reached XP level 1. HP: 11/11 MP: 2/2
    25 | D:1      | Reached skill level 1 in Stealth
   126 | D:1      | Reached skill level 2 in Stealth
   300 | D:1      | Reached XP level 2. HP: 16/16 MP: 3/3
   432 | D:1      | Reached skill level 3 in Stealth
   631 | D:1      | Reached XP level 3. HP: 19/19 MP: 4/4
   905 | D:2      | Reached skill level 4 in Stealth
  1121 | D:2      | Reached skill level 5 in Stealth
  1121 | D:2      | Reached XP level 4. HP: 16/23 MP: 5/5
  2082 | D:2      | Found a sparkling altar of Nemelex Xobeh.
  2084 | D:2      | Noticed Jessica
  2161 | D:2      | Killed Jessica
  2161 | D:2      | Reached ** piety under Trog
  2161 | D:2      | Reached skill level 6 in Stealth
  2161 | D:2      | Reached XP level 5. HP: 20/27 MP: 6/6
  2800 | D:2      | Found a blossoming altar of Fedhas.
  3068 | D:3      | Noticed Robin
  3101 | D:2      | Reached skill level 7 in Stealth
  3199 | D:3      | Found a sacrificial altar of Ru.
  3660 | D:3      | Killed Robin
  4051 | D:3      | Reached skill level 5 in Short Blades
  4051 | D:3      | Reached XP level 6. HP: 32/32 MP: 7/7
  4328 | D:3      | Reached skill level 8 in Stealth
  4554 | D:4      | Found an ornate altar of the Wu Jian Council.
  4767 | D:4      | Slain by an orc

Levels and vault maps discovered:
D:1:      dpeg_arrival_ternary, layout_loops_ring, hex_tiny
D:2:      layout_rooms, lemuel_doored_altar, fedhas_altar_fruit_tree,
          uniq_jessica
D:3:      layout_loops_corners, nicolae_overflow_crystal_walls, uniq_robin
D:4:      layout_layer_cave, tso_oasis_becter, lemuel_round_altar,
          eino_tiny_chamber, st_stairs_8

Skill      XL: |  1  2  3  4  5  6 |
---------------+-------------------+-----
Stealth        | 2 3 5 6 7 8 |  8.1
Short Blades   | 4 5 |  5.1
Fighting       | |  2.4
Dodging        | |  4.4

Action                   |  1- 3 |  4- 6 || total
-------------------------+-------+-------++-------
Melee: Short sword       |   118 |   363 ||   481
Invok: Berserk           |     1 |     2 ||     3
  Use: Potion            |       |     2 ||     2
       Scroll            |       |    10 ||    10
 Stab: Sleeping          |     3 |    19 ||    22
  Eat: Ration            |       |     3 ||     3
Armor: Animal skin       |     7 |    26 ||    33
       Skin              |       |    11 ||    11
Dodge: Dodged            |    73 |   314 ||   387

Table legend:
 A = Non-vault XP
 B = Vault XP
 C = Vault XP percentage of total XP
 D = Non-vault monster count
 E = Vault monster count
 F = Vault count percentage of total count
                 A         B        C        D         E       F
            +---------+---------+-------+---------+---------+-------
      Total |     392 |      71 |  15.3 |      94 |      13 |  12.1
            +---------+---------+-------+---------+---------+-------
        D:1 |      44 |       0 |   0.0 |      21 |       0 |   0.0
        D:2 |     204 |      37 |  15.4 |      35 |       1 |   2.8
        D:3 |     121 |      34 |  21.9 |      33 |      12 |  26.7
        D:4 |      23 |       0 |   0.0 |       5 |       0 |   0.0
            +---------+---------+-------+---------+---------+-------
